 Dungeon Crawl Stone Soup version 0.28-a0-1212-gc6b4282bc0 (webtiles) character file.

Game seed: 17611076629799089920

326751 GordonOverkill the Executioner (level 21, -2/201 HPs)
             Began as a Minotaur Cinder Acolyte on Dec 20, 2021.
             Was a Believer of Ignis.
             Slain by a spriggan defender (16 damage)
             ... on level 3 of the Depths on Dec 21, 2021.
             The game lasted 02:13:23 (68527 turns).

GordonOverkill the Executioner (MiCA)              Turns: 68527, Time: 02:13:24

Health: -2/201     AC: 25    Str: 26    XL:     21   Next: 9%
Magic:  7/7        EV: 11    Int: 11    God:    Ignis [**....]
Gold:   1790       SH: 26    Dex: 10    Spells: 22/22 levels left

rFire   + + .      SeeInvis .   a - +8 broad axe (antimagic)
rCold   + + .      Faith    .   h - +0 tower shield
rNeg    + . .      Spirit   .   L - +2 plate armour {rC+}
rPois   +          Reflect  +   T - -2 hat of the Alchemist {rElec rPois rF+ rC+ rN+ Will+ rMut rCorr}
rElec   +          Harm     .   o - scarf {+Inv}
rCorr   +          Rampage  .   k - +2 pair of gloves
rMut    +                       j - +2 pair of boots
Will    +++..                   c - amulet of reflection
Stlth   ..........              V - ring of willpower
HPRegen 0.43/turn               Q - +4 ring of slaying
MPRegen 0.10/turn

@: studying Maces & Flails
A: horns 2, retaliatory headbutt
}: 1/15 runes: serpentine
a: Renounce Religion, Evoke Invisibility, Fiery Armour, Foxfire Swarm, Rising
Flame


You were on level 3 of the Depths.
You worshipped Ignis.
Ignis was pleased with you.
You visited 7 branches of the dungeon, and saw 35 of its levels.
You also visited: Gauntlet.

You collected 4853 gold pieces.
You spent 3063 gold pieces at shops.

Inventory:

Hand Weapons
 a - a +8 antimagic broad axe (weapon)
 b - a -1 hand axe of flaming
Missiles
 t - 8 throwing nets
 C - 5 curare-tipped darts
 F - 7 silver javelins (quivered)
 H - 6 silver boomerangs
Armour
 h - a +0 tower shield (worn)
 j - a +2 pair of boots (worn)
 k - a +2 pair of gloves (worn)
 o - a scarf of invisibility (worn)
 L - a +2 plate armour of cold resistance (worn)
 T - the -2 hat of the Alchemist (worn) {rElec rPois rF+ rC+ rN+ Will+ rMut rCorr}
   (You bought it in a shop on level 2 of the Orcish Mines)

   rF:        It protects you from fire.
   rC:        It protects you from cold.
   rElec:     It insulates you from electricity.
   rPois:     It protects you from poison.
   rN:        It protects you from negative energy.
   rCorr:     It protects you from acid and corrosion.
   rMut:      It protects you from mutation.
   Will:      It increases your willpower.
Jewellery
 c - an amulet of reflection (around neck)
 x - the ring of Xuepnam {rF+ AC+4}
   (You acquired it on level 3 of the Lair of Beasts)

   [ring of protection]

   AC:        It affects your AC (+4).
   rF:        It protects you from fire.
 P - a ring of see invisible
 Q - a +4 ring of slaying (right hand)
 V - a ring of willpower (left hand)
Wands
 s - a wand of charming (14)
 w - a wand of paralysis (9)
 B - a wand of flame (47)
 D - a wand of digging (9)
 S - a wand of mindburst (15)
 X - a wand of acid (12)
Scrolls
 e - 8 scrolls of identify
 g - 2 scrolls of holy word
 u - a scroll of brand weapon
 v - 2 scrolls of immolation
 y - 7 scrolls of magic mapping
 E - a scroll of blinking
 J - 4 scrolls of amnesia
 O - a scroll of enchant armour
 R - 2 scrolls of fog
 U - 11 scrolls of teleportation
 Z - 3 scrolls of summoning
Potions
 d - 2 potions of cancellation
 f - 7 potions of curing
 i - 2 potions of resistance
 m - 5 potions of flight
 n - 4 potions of lignification
 q - 4 potions of invisibility
 z - 3 potions of ambrosia
 G - a potion of berserk rage
 I - 4 potions of might
 M - 2 potions of mutation
 Y - 2 potions of haste
Miscellaneous
 p - a condenser vane
 r - a phial of floods
 A - a lightning rod (4/4)
 K - a box of beasts
 N - a phantom mirror


   Skills:
 - Level 20.0 Fighting
 - Level 26.0 Axes
 - Level 5.0 Throwing
 - Level 17.0 Armour
 - Level 12.0 Dodging
 + Level 22.4 Shields
 - Level 1.0 Spellcasting
 - Level 2.1 Fire Magic
 - Level 15.0 Evocations


You had 22 spell levels left.
You didn't know any spells.
Your spell library contained the following spells:

 Spells                   Type           Power      Damage    Failure   Level
 Foxfire                  Conj/Fire      8%         2x1d4     86%         1
 Scorch                   Fire           10%        2d5       86%         2
 Beastly Appendage        Tmut           0%         N/A       95%         1
 Freeze                   Ice            0%         1d3       95%         1
 Shock                    Conj/Air       0%         1d3       95%         1
 Corpse Rot               Necr/Air       0%         N/A       99%         2
 Ensorcelled Hibernation  Hex/Ice        0%         N/A       99%         2
 Poisonous Vapours        Pois/Air       0%         N/A       99%         2
 Static Discharge         Conj/Air       0%         N/A       99%         2
 Wereblood                Tmut           0%         N/A       99%         2
 Conjure Flame            Conj/Fire      2%         6-21      99%         3
 Inner Flame              Hex/Fire       2%         N/A       99%         3
 Frozen Ramparts          Ice            0%         1d2       100%        3
 Ozocubu's Armour         Ice            0%         N/A       100%        3
 Portal Projectile        Hex/Tloc       0%         N/A       100%        3
 Spider Form              Tmut/Pois      0%         N/A       100%        3
 Swiftness                Air            0%         N/A       100%        3
 Airstrike                Air            0%         N/A       100%        4
 Cause Fear               Hex            0%         N/A       100%        4
 Dispel Undead            Necr           0%         3d6       100%        4
 Flame Wave               Conj/Fire      2%         2d4       100%        4
 Ice Form                 Ice/Tmut       0%         N/A       100%        4
 Sticky Flame             Conj/Fire      2%         2d3       100%        4
 Summon Ice Beast         Ice/Summ       0%         N/A       100%        4
 Blade Hands              Tmut           0%         N/A       100%        5
 Excruciating Wounds      Necr           0%         N/A       100%        5
 Lightning Bolt           Conj/Air       0%         1d11      100%        5
 Metabolic Englaciation   Hex/Ice        0%         N/A       100%        5
 Summon Forest            Summ/Tloc      0%         N/A       100%        5
 Summon Mana Viper        Hex/Summ       0%         N/A       100%        5
 Simulacrum               Ice/Necr       0%         N/A       100%        6
 Summon Cactus Giant      Summ           0%         N/A       100%        6
 Borgnjor's Revivificati  Necr           0%         N/A       100%        8
 Discord                  Hex            0%         N/A       100%        8
 Maxwell's Capacitive Co  Air            0%         ∞         100%        8
 Necromutation            Tmut/Necr      0%         N/A       100%        8
 Death's Door             Necr           0%         N/A       100%        9


Dungeon Overview and Level Annotations

Branches:
Dungeon (15/15)            Temple (1/1) D:5            Lair (6/6) D:10
 Shoals (0/4) Lair:4        Snake (4/4) Lair:3        Slime (0/5) Lair:5
    Orc (2/2) D:11            Elf (0/3) Orc:2        Vaults (4/5) D:14
  Crypt (0/3) Vaults:2     Depths (3/4) D:15        Gauntlet (visited)

Altars:
Cheibriados
Elyvilon
Kikubaaqudgha
Makhleb
Nemelex Xobeh
Uskayaw
Yredelemnul
Zin
Beogh

Shops:
D:1 (   D:7 :   D:12 (   D:13 =   Orc:1 [(*(*   Orc:2 [*(:   Snake:3 *
Snake:4 (   Vaults:1 [   Vaults:3 :   Vaults:4 ?   Depths:2 :

Portals:
Hell: Depths:1 Depths:2 Depths:3
Abyss: Depths:1
Pandemonium: Depths:2
Ziggurat: Depths:1

Annotations:
D:10 2 transporters, Htamos's ghost, novice TeFE
Lair:1 1 runed translucent door, Waish's ghost, journeyman GnAK
Lair:5 2 transporters, Binginea's ghost, journeyman VSEn
Snake:1 3 runed translucent doors, Roink's ghost, adept TrMo
Orc:1 2 transporters, Semaub's ghost, journeyman MiFi


Innate Abilities, Weirdness & Mutations

You have a pair of horns on your head.
You reflexively headbutt those who attack you in melee.


Message History

You block the spriggan rider's attack.
You carve the ice dragon like a ham!!!
You kill the ice dragon!
The ice dragon scales are intact enough to wear.
You hit the spriggan defender. You miss the spriggan defender.
You block the spriggan defender's attack.
The spriggan rider hits you but does no damage.
You block the spriggan defender's attack. x2
You block the spriggan defender's attack.
The spriggan rider hits you from afar with a +0 spear!
* * * LOW HITPOINT WARNING * * *
You block the spriggan defender's attack.
Things that are here:
+0 ice dragon scales; an ice dragon corpse The spriggan defender completely misses you.
You furiously retaliate!
You headbutt the spriggan defender! You slash the spriggan defender!
The spriggan defender is severely wounded.
You block the spriggan defender's attack.
You block the spriggan rider's attack.
The spriggan defender blocks your attack.
You headbutt the spriggan defender!
The spriggan defender is almost dead.
The spriggan defender barely misses you.
You block the spriggan rider's attack.
The spriggan rider hits you from afar with a +0 spear!
* * * LOW HITPOINT WARNING * * *
You block the spriggan defender's attack.
You completely miss the spriggan defender.
The spriggan defender blocks your attack.
The spriggan defender is almost dead.
You block the spriggan defender's attack.
The spriggan rider hits you from afar with a +0 spear!
* * * LOW HITPOINT WARNING * * *
You slash the spriggan defender!
Your headbutt misses the spriggan defender.
The spriggan defender is almost dead.
You block the spriggan defender's attack.
The spriggan defender hits you with a +4 quick blade!
You die...

#..(....#.#
####.......#.#
#..........#.#
##.........#.#
#.........#.#
+###########..#.# ...##
..##...########
..#.#i#####.####........
..#.#.......)i##@######.
(.#.+...⌠...#iii>#
..#.#.........##.#
..#.#.#####.####.# ...##
..## #.# '### ### #.#
..## #.# ...# #.# <.⌠#
#.#


You could see 2 spriggan defenders and a spriggan rider.

Vanquished Creatures
  A golden dragon (Vaults:4)
  A titan (Vaults:4)
  A quicksilver dragon (Depths:1)
  3 sphinxes
  2 shadow dragons (Vaults:4)
  A storm dragon (Vaults:3)
  5 tengu reavers
  Kirke (D:15)
  A deep elf sorcerer (Vaults:4)
  3 frost giants
  9 nagarajas
  5 fire giants
  An iron dragon (Vaults:4)
  9 vault wardens
  4 orc warlords
  13 ironbound preservers
  28 very ugly things
  14 stone giants
  9 ironbound thunderhulks
  A deep elf annihilator (Vaults:4)
  3 entropy weavers
  A minotaur (Gauntlet)
  Azrael (D:14)
  15 dire elephants
  A spark wasp (shapeshifter) (Depths:2)
  A white draconian (Vaults:4)
  Snorg (D:11)
  A deep elf death mage (Vaults:4)
  5 ettins
  A fire dragon (shapeshifter) (Vaults:3)
  Josephine (D:15)
  A merfolk impaler (Depths:1)
  4 great orbs of eyes
  A merfolk javelineer (Depths:1)
  12 yaktaur captains
  5 fire dragons
  2 crystal guardians (Vaults:4)
  A hell beast (Depths:2)
  20 vault guards
  7 ice dragons
  Harold (D:11)
  12 naga warriors
  Erolcha (D:11)
  A salamander tyrant (Snake:2)
  11 hydras
  2 spriggan air magi
  A peacekeeper (Vaults:4)
  7 boulder beetles
  An ogre mage (D:15)
  12 anacondas
  A catoblepas (Lair:3)
  10 ironbound frosthearts
  2 tengu warriors (Depths:1)
  7 two-headed ogres
  14 centaur warriors
  3 death yaks (Lair:6)
  A deep troll shaman (Depths:2)
  4 orc high priests (Orc:2)
  A hell hog (Depths:2)
  A vampire mage (Depths:1)
  A spriggan berserker (Depths:1)
  A titan zombie (Depths:2)
  11 shock serpents
  11 naga sharpshooters
  A deep troll earth mage (Depths:2)
  A hell knight (Depths:2)
  2 sun demons (Depths:2)
  4 skeletal warriors (D:14)
  A sixfirhy (Depths:2)
  An iron troll (Depths:1)
  A shadow demon (Depths:2)
  3 salamander mystics
  3 glowing orange brains
  10 sea snakes
  46 deep trolls
  4 naga ritualists
  A flayed ghost (Depths:1)
  16 ironbound convokers
  10 wizards
  A lindwurm (shapeshifter) (Vaults:4)
  A phantasmal warrior (Vaults:4)
  9 lindwurms
  5 necromancers
  8 mana vipers
  14 orc knights
  5 orc sorcerers
  2 deep elf pyromancers
  A fire giant zombie (Depths:2)
  A wolf spider (D:15)
  16 salamanders
  An iron dragon zombie (Depths:2)
  2 stone giant zombies
  36 ugly things
  2 manticores (D:15)
  A frost giant zombie (Vaults:4)
  3 cyclopes
  2 will-o-the-wisps (D:14)
  2 worldbinders (Gauntlet)
  A stone giant skeleton (Vaults:4)
  14 elephants (Lair:6)
  An elephant (shapeshifter) (D:15)
  40 black mambas
  2 fire giant skeletons
  23 naga magi
  An orange demon (Depths:2)
  4 guardian serpents
  18 vault sentinels
  A torpor snail (Gauntlet)
  A smoke demon (Depths:2)
  A molten gargoyle (Depths:2)
  2 freezing wraiths
  13 cane toads
  A gargoyle (D:13)
  4 komodo dragons
  A minotaur zombie (Gauntlet)
  7 rime drakes
  31 yaktaurs
  A kobold demonologist (D:10)
  An efreet (D:15)
  5 trolls
  3 tengu conjurers
  A human zombie (Vaults:4)
  A meliai (shapeshifter) (D:14)
  A merfolk (shapeshifter) (Depths:2)
  A jumping spider (Vaults:2)
  A hornet (D:14)
  17 blink frogs
  A polar bear (Lair:4)
  32 slime creatures
  14 dream sheep
  A deep troll zombie (Vaults:4)
  A fire giant simulacrum (Depths:2)
  Sigmund (D:3)
  An ettin zombie (Depths:1)
  A shadow (D:11)
  2 redbacks (Vaults:2)
  A tarantella (shapeshifter) (Depths:2)
  5 wraiths (D:15)
  12 water elementals
  2 vampires (D:9)
  4 fire elementals
  27 yaks
  2 wyverns (Lair:6)
  3 hogs (D:15)
  Grum (D:11)
  2 basilisks
  2 yaktaur simulacra (Vaults:1)
  A chaos spawn (Depths:2)
  2 steam dragons
  An elf simulacrum (Vaults:4)
  12 vampire mosquitoes
  A warg (Orc:1)
  An acid dragon (D:11)
  54 nagas
  3 hell hounds (D:14)
  14 water moccasins
  2 swamp drakes (D:14)
  51 orc warriors
  4 sky beasts
  A sky beast (shapeshifter) (D:15)
  4 black bears
  6 ogres
  6 boggarts
  3 necrophages
  31 wolves
  12 centaurs
  3 kobold brigands
  4 bullfrogs
  2 gnoll sergeants
  A wyvern zombie (D:9)
  An ogre simulacrum (Vaults:1)
  2 water moccasin zombies (D:5)
  A ballistomycete (Lair:5)
  A water moccasin skeleton (D:5)
  4 killer bees (D:9)
  14 wights
  2 howler monkeys
  3 centaur zombies
  4 electric eels (D:10)
  7 hounds
  16 jellies
  24 orc priests
  2 centaur skeletons
  A gnoll shaman (D:5)
  Terence (D:2)
  Jessica (D:3)
  Natasha (thrice) (D:2)
  An iguana (D:5)
  31 orc wizards
  6 hell rats (Lair:4)
  A howler monkey zombie (D:10)
  Robin (D:2)
  19 gnolls
  2 howler monkey skeletons
  7 adders
  A shadow imp (D:8)
  2 white imps
  An adder skeleton (D:4)
  3 worms
  A dart slug (D:1)
  95 orcs
  4 endoplasms
  3 giant cockroaches
  11 goblins
  7 hobgoblins
  10 jackals
  12 kobolds
  3 training dummies (Snake:4)
  8 ball pythons
  5 bats
  5 frilled lizards
  4 rats
1391 creatures vanquished.

Vanquished Creatures (collateral kills)
  Rupert (D:15)
  A green draconian (Vaults:4)
  A dire elephant (Vaults:1)
  A deep elf death mage (Vaults:4)
  A yaktaur captain (Vaults:4)
  A naga mage (Snake:2)
  A black mamba (Snake:2)
7 creatures vanquished.

Vanquished Creatures (others)
  A centaur warrior (Vaults:1)
  A deep troll (Vaults:1)
  An ironbound convoker (Vaults:3)
  Maurice (D:13)
  2 orcs (Orc:2)
  A kobold (D:7)
  2 ballistomycete spores (Lair:5)
  102 foxfires
  17 fungi
  78 plants
  4 withered plants (Gauntlet)
210 creatures vanquished.

Grand Total: 1608 creatures vanquished

Notes
Turn   | Place    | Note
-------+----------+-------------------------------------------
     0 | D:1      | GordonOverkill the Minotaur Cinder Acolyte began the quest
                  | for the Orb.
     0 | D:1      | Reached XP level 1. HP: 19/19 MP: 1/1
    39 | D:1      | Reached skill level 4 in Axes
    40 | D:1      | Reached XP level 2. HP: 26/27 MP: 2/2
   298 | D:1      | Reached XP level 3. HP: 20/33 MP: 3/3
   453 | D:1      | Found Voruluiz's Weapon Boutique.
   709 | D:2      | Noticed Natasha
   871 | D:2      | Killed Natasha
   872 | D:2      | Reached skill level 5 in Axes
   872 | D:2      | Reached XP level 4. HP: 15/41 MP: 4/4
  1114 | D:2      | Noticed Natasha
  1130 | D:2      | Killed Natasha
  1208 | D:2      | Found a faded altar of an unknown god.
  1333 | D:2      | Noticed Natasha
  1340 | D:2      | Killed Natasha
  1341 | D:2      | Reached skill level 5 in Fighting
  1341 | D:2      | Reached skill level 6 in Axes
  1341 | D:2      | Reached XP level 5. HP: 25/48 MP: 5/5
  1527 | D:2      | Noticed Terence
  1532 | D:2      | Killed Terence
  1709 | D:2      | Found a glowing silver altar of Zin.
  2276 | D:3      | Noticed Jessica
  2280 | D:3      | Killed Jessica
  2284 | D:3      | Reached skill level 7 in Axes
  2292 | D:3      | Noticed Robin
  2310 | D:3      | Reached XP level 6. HP: 50/56 MP: 6/6
  2420 | D:2      | Killed Robin
  2885 | D:3      | Noticed Sigmund
  2889 | D:3      | Killed Sigmund
  2890 | D:3      | Reached skill level 8 in Axes
  2890 | D:3      | Reached XP level 7. HP: 60/64 MP: 7/7
  3186 | D:4      | Identified the ring of Mutualism {*Corrode rElec rF+ Dex+6}
  3606 | D:4      | Reached skill level 1 in Throwing
  4138 | D:5      | Entered Level 5 of the Dungeon
  4138 | D:5      | Found a staircase to the Ecumenical Temple.
  4185 | D:5      | Reached skill level 1 in Evocations
  4410 | D:5      | Reached skill level 1 in Shields
  4530 | D:5      | Reached skill level 9 in Axes
  4585 | Temple   | Entered the Ecumenical Temple
  4878 | D:5      | Reached XP level 8. HP: 43/71 MP: 8/8
  5466 | D:5      | Reached skill level 10 in Axes
  6239 | D:6      | Found a snail-covered altar of Cheibriados.
  6242 | D:6      | Found a white marble altar of Elyvilon.
  6263 | D:6      | Reached XP level 9. HP: 58/80 MP: 9/9
  6555 | D:6      | Found a basalt altar of Yredelemnul.
  7069 | D:7      | Reached skill level 11 in Axes
  7345 | D:7      | Found Rehanni's Book Shop.
  7578 | D:7      | Noticed a cyclops
  7595 | D:7      | Killed a cyclops
  8082 | D:7      | Noticed a gargoyle
  8548 | D:8      | Reached skill level 12 in Axes
  8878 | D:8      | Reached skill level 5 in Throwing
  8950 | D:8      | Reached XP level 10. HP: 90/90 MP: 10/10
  9657 | D:8      | Reached skill level 5 in Evocations
 10158 | D:9      | Identified the +1 robe of Paranoia {Drain rElec rC+ rN+}
 10199 | D:9      | Reached skill level 13 in Axes
 10366 | D:9      | Found a burning altar of Makhleb.
 10366 | D:9      | Noticed an Executioner
 10370 | D:9      | Noticed a smoke demon
 11611 | D:10     | Entered Level 10 of the Dungeon
 11624 | D:10     | Noticed Htamos's ghost (novice TeFE)
 12591 | D:10     | Found a transporter.
 12595 | D:10     | Found a transporter.
 12613 | D:10     | Noticed an orange demon
 12631 | D:10     | Reached skill level 10 in Fighting
 13216 | D:10     | Found a staircase to the Lair.
 13468 | D:11     | Identified 2 scrolls of acquirement
 13468 | D:11     | Acquired a manual of Axes
 13470 | D:11     | Acquired a +5 antimagic broad axe
 13475 | D:11     | Noticed a seven-headed hydra
 13504 | D:11     | Noticed Grum
 13529 | D:10     | Reached skill level 5 in Shields
 14141 | D:10     | Killed a three-headed hydra
 14142 | D:10     | Reached skill level 14 in Axes
 14313 | D:10     | Reached XP level 11. HP: 42/99 MP: 3/11
 14707 | D:10     | Found a staircase to the Lair.
 14728 | D:10     | Found a transporter.
 14730 | D:10     | Found a transporter.
 15027 | D:11     | Killed Grum
 15322 | D:11     | Noticed a two-headed ogre
 15333 | D:11     | Killed a two-headed ogre
 15518 | D:11     | Noticed Snorg
 15524 | D:11     | Reached skill level 15 in Axes
 15531 | D:11     | Killed Snorg
 15817 | D:11     | Noticed Harold
 15829 | D:11     | Noticed Erolcha
 15839 | D:11     | Killed Harold
 15840 | D:11     | Killed Erolcha
 15841 | D:11     | Reached skill level 16 in Axes
 16414 | D:11     | Found a staircase to the Orcish Mines.
 17044 | Lair:1   | Entered Level 1 of the Lair of Beasts
 17655 | Lair:1   | Found a runed translucent door.
 17663 | Lair:1   | Noticed Waish's ghost (journeyman GnAK)
 17742 | Lair:1   | Reached skill level 17 in Axes
 19281 | Lair:2   | Reached skill level 18 in Axes
 19444 | Lair:2   | Reached XP level 12. HP: 102/106 MP: 4/12
 20631 | Lair:3   | Found a staircase to the Snake Pit.
 20898 | Lair:3   | Reached skill level 10 in Evocations
 20898 | Lair:3   | Reached skill level 1 in Armour
 21133 | Lair:3   | Noticed a five-headed hydra
 21143 | Lair:3   | Killed a one-headed hydra
 21441 | Lair:4   | Noticed a six-headed hydra
 21449 | Lair:4   | Killed a four-headed hydra
 21498 | Lair:4   | Found a staircase to the Shoals.
 21811 | Lair:4   | Reached skill level 19 in Axes
 21812 | Lair:4   | Reached skill level 5 in Armour
 22009 | Lair:4   | Noticed a boulder beetle
 22024 | Lair:4   | Killed a boulder beetle
 22376 | Lair:3   | Noticed a catoblepas
 22401 | Lair:3   | Killed a catoblepas
 22501 | Lair:3   | Acquired the ring of Xuepnam {rF+ AC+4}
 22963 | Lair:5   | Found a staircase to the Slime Pits.
 23108 | Lair:5   | Reached XP level 13. HP: 113/113 MP: 4/13
 23161 | Lair:5   | Noticed Binginea's ghost (journeyman VSEn)
 23438 | Lair:5   | Found a transporter.
 23457 | Lair:5   | Found a transporter.
 23772 | Lair:5   | Reached skill level 20 in Axes
 24012 | Lair:6   | Entered Level 6 of the Lair of Beasts
 24198 | Lair:6   | Reached skill level 10 in Shields
 24332 | Lair:6   | Found a gate leading to a gauntlet.
 24343 | Gauntlet | Entered a Gauntlet
 24343 | Gauntlet | Found a transporter.
 24343 | Gauntlet | Found a transporter.
 24343 | Gauntlet | Found a transporter.
 24652 | Gauntlet | Found a transporter.
 24662 | Gauntlet | Found a transporter.
 24677 | Gauntlet | Found a transporter.
 24689 | Gauntlet | Found a transporter.
 24702 | Gauntlet | Found a transporter.
 24708 | Gauntlet | Found a transporter.
 24722 | Gauntlet | Found a transporter.
 24739 | Gauntlet | Found a transporter.
 24781 | Gauntlet | Found a transporter.
 24824 | Gauntlet | Noticed a green very ugly thing
 24825 | Gauntlet | Noticed a red very ugly thing
 24827 | Gauntlet | Noticed a brown very ugly thing
 25024 | Gauntlet | Identified the amulet "Gumm" {Regen+ Int+5 Dex+3}
 25037 | Gauntlet | Identified the amulet "Nagguom" {Faith Fragile rPois rCorr}
 25037 | Gauntlet | Noticed a minotaur
 25054 | Gauntlet | Killed a minotaur
 25300 | Gauntlet | Identified the ring of Kinumute {rN+ MP+9 Stlth+}
 26015 | Lair:6   | Noticed a dire elephant
 26069 | Lair:6   | Killed a dire elephant
 26392 | Lair:6   | Reached XP level 14. HP: 107/121 MP: 4/14
 26396 | Lair:6   | Reached skill level 15 in Shields
 28057 | D:12     | Found Henegrism's Antique Weapon Shop.
 28345 | D:13     | Reached skill level 21 in Axes
 28434 | D:13     | You fall into a shaft and drop 1 floor!
 29144 | D:14     | Found a gate to the Vaults.
 29171 | D:14     | Noticed Azrael
 29455 | D:13     | Found Ohuopno's Jewellery Shop.
 29840 | D:13     | Reached skill level 15 in Fighting
 30036 | D:13     | Noticed Maurice
 30043 | D:13     | Reached skill level 1 in Dodging
 30051 | D:13     | Killed Maurice
 30816 | D:14     | Reached XP level 15. HP: 141/141 MP: 5/15
 31306 | D:14     | Killed Azrael
 31523 | D:14     | Got Sif Muna's Disquisition on Congealing Enchantment
 31546 | D:15     | Entered Level 15 of the Dungeon
 31550 | D:15     | Noticed Rupert
 31698 | D:15     | Reached skill level 5 in Dodging
 31719 | D:15     | Reached skill level 10 in Armour
 31866 | D:15     | Noticed Josephine
 31876 | D:15     | Killed Josephine
 31928 | D:15     | Killed Rupert
 32212 | D:15     | Noticed Kirke
 32243 | D:15     | Killed Kirke
 32651 | D:15     | Found a staircase to the Depths.
 33615 | Orc:1    | Entered Level 1 of the Orcish Mines
 33706 | Orc:1    | Found Fuwux's General Store.
 33761 | Orc:1    | Found a transporter.
 33769 | Orc:1    | Noticed Semaub's ghost (journeyman MiFi)
 33770 | Orc:1    | Found a transporter.
 33945 | Orc:1    | Found Ykiryhe's Weapon Boutique.
 33968 | Orc:1    | Found Motynut's Assorted Antiques.
 34057 | Orc:1    | Found Noam's Antique Armour Shoppe.
 34063 | Orc:1    | Found Nasoshaw's Antique Weapon Shop.
 34344 | Orc:2    | Entered Level 2 of the Orcish Mines
 35155 | Orc:2    | Found a staircase to the Elven Halls.
 35178 | Orc:2    | Noticed an orc warlord
 35210 | Orc:2    | Killed an orc warlord
 35789 | Orc:2    | Found Eramoh's Antique Armour Shop.
 35790 | Orc:2    | Found Efidapaeso's Antique Weapon Shop.
 35792 | Orc:2    | Found Weosy's General Store.
 35792 | Orc:2    | Found Jigg's Book Boutique.
 35797 | Orc:2    | Bought the -2 hat of the Alchemist {rElec rPois rF+ rC+ rN+
                  | Will+ rMut rCorr} for 1368 gold pieces
 35797 | Orc:2    | Found the -2 hat of the Alchemist {rElec rPois rF+ rC+ rN+
                  | Will+ rMut rCorr}
 35831 | Orc:2    | Reached XP level 16. HP: 145/149 MP: 5/16
 36297 | Snake:1  | Entered Level 1 of the Snake Pit
 37509 | Snake:1  | Found a runed translucent gate.
 37622 | Snake:1  | Found a runed translucent gate.
 37623 | Snake:1  | Found a runed translucent gate.
 37632 | Snake:1  | Noticed Roink's ghost (adept TrMo)
 37875 | Snake:1  | Identified the +2 robe of Yrurank {Int+3 Dex+5}
 40716 | Snake:3  | Reached skill level 15 in Armour
 41951 | Snake:3  | Found Soschi's General Store.
 41955 | Snake:3  | Bought a scroll of teleportation for 36 gold pieces
 41955 | Snake:3  | Bought a potion of curing for 36 gold pieces
 41955 | Snake:3  | Bought a scroll of blinking for 90 gold pieces
 42394 | Snake:3  | Reached XP level 17. HP: 149/156 MP: 5/17
 43615 | Snake:4  | Entered Level 4 of the Snake Pit
 44007 | Snake:4  | Found Tiusch's Firing Range.
 44014 | Snake:4  | Bought a throwing net for 48 gold pieces
 44014 | Snake:4  | Bought 2 throwing nets for 96 gold pieces
 46977 | Snake:4  | Got a serpentine rune of Zot
 47420 | Vaults:1 | Entered Level 1 of the Vaults
 47672 | Vaults:1 | Reached skill level 15 in Evocations
 48882 | Vaults:1 | Reached XP level 18. HP: 34/163 MP: 6/18
 50129 | Vaults:1 | Found Tenwa's Armour Boutique.
 53060 | Vaults:2 | Found a staircase to the Crypt.
 53060 | Vaults:2 | Found an ancient bone altar of Kikubaaqudgha.
 53061 | Vaults:2 | Found a basalt altar of Yredelemnul.
 55405 | Vaults:3 | Reached XP level 19. HP: 160/180 MP: 6/19
 56650 | Vaults:3 | Found Iggoag's Book Shop.
 56658 | Vaults:3 | Bought a manual of Axes for 1200 gold pieces
 58355 | Vaults:4 | Reached skill level 22 in Axes
 58749 | Vaults:4 | Found Haqug's Magic Scroll Shop.
 58756 | Vaults:4 | Bought a scroll of teleportation for 42 gold pieces
 58756 | Vaults:4 | Bought a scroll of fear for 49 gold pieces
 58756 | Vaults:4 | Bought a scroll of teleportation for 42 gold pieces
 58756 | Vaults:4 | Bought a scroll of fog for 28 gold pieces
 58756 | Vaults:4 | Bought a scroll of fog for 28 gold pieces
 58795 | Vaults:4 | Reached skill level 23 in Axes
 59557 | Vaults:4 | Reached skill level 24 in Axes
 60066 | Vaults:4 | Reached skill level 25 in Axes
 60546 | Vaults:4 | Reached XP level 20. HP: 48/193 MP: 6/20
 61596 | Vaults:4 | Reached skill level 26 in Axes
 63291 | Vaults:4 | Noticed a golden dragon
 63304 | Vaults:4 | Killed a golden dragon
 64056 | Depths:1 | Entered Level 1 of the Depths
 64057 | Depths:1 | Upgraded the game from 0.28-a0-1202-g1e6f1b2279 to
                  | 0.28-a0-1212-gc6b4282bc0
 64199 | Depths:1 | Found a hide-covered altar of Uskayaw.
 64739 | Depths:1 | Reached skill level 10 in Dodging
 64783 | Depths:1 | Found a one-way gate to the infinite horrors of the Abyss.
 65261 | Depths:1 | Found a one-way gateway to a ziggurat.
 65785 | Depths:1 | Found a gateway to Hell.
 66713 | Depths:2 | Found Fiwoa's Book Boutique.
 68169 | Depths:2 | Found a one-way gate leading to the halls of Pandemonium.
 68171 | Depths:2 | Reached XP level 21. HP: 199/200 MP: 7/21
 68527 | Depths:3 | Slain by a spriggan defender

Illustrated notes

Levels and vault maps discovered:
D:1:      dpeg_arrival_water_temple_mockup, layout_rooms, serial_shops,
          nicolae_shop_bloodbath_and_beyond
D:2:      layout_basic, hellmonk_ecumenical_altar_pennies_from_heaven,
          basic_altar, uniq_natasha, uniq_terence
D:3:      layout_basic, uniq_jessica, uniq_sigmund, uniq_robin
D:4:      layout_basic
D:5:      minmay_chambers_of_threes, layout_basic,
          minmay_temple_entry_mini_moons, fountainhead, serial_bayou_ford_a
D:6:      layout_loops_cross, grunt_temple_overflow_open
D:7:      cheibrodos_statue_roulette, layout_basic, serial_shops,
          nicolae_lakefront_shop
D:8:      layout_basic
D:9:      layout_long_grid, makhleb_altar_promises_db, minmay_misc_feat_hallway,
          minmay_misc_feat_nine_boxes
D:10:     layout_basic, lair_entry_dummy, gammafunk_ghost_hive
D:11:     layout_stronghold, david_orc_4, uniq_grum, uniq_harold, uniq_erolcha,
          uniq_snorg
D:12:     layout_rooms, serial_shops, nicolae_lakefront_shop
D:13:     layout_roguey [special_room_orc], serial_shops, nicolae_square_shop,
          serial_corexii_hall, corexii_hall_statues_x, corexii_hall_statues_l,
          chequers_hall_statues_y, uniq_maurice
D:14:     layout_basic, lightli_vaults_fourway_checkpoint,
          chequers_serial_rivers_micro_a, pond, uniq_azrael
D:15:     gammafunk_enter_depths_forms, layout_irregular_city,
          minmay_misc_feat_alley, uniq_josephine, uniq_kirke, uniq_rupert
Temple:   dpeg_five_rooms_temple
Lair:1:   layout_layer_cave, ebering_ghost_reflecting_pool,
          cheibrodos_lair_caveside_slide
Lair:2:   layout_cave_pods, minivault_27
Lair:3:   layout_big_grid, guppyfry_snake_entry_garden,
          kennysheep_catoblepas_arena, lemuel_fruit_tree
Lair:4:   layout_hall_layers, shoals_dummy_entry, minivault_11, st_stairs_12
Lair:5:   layout_concentric_octagons, minmay_slime_entry_jelly_boxes,
          nzn_ghost_randoct
Lair:6:   hangedman_lair_in_review, layout_misc_corridors,
          gauntlet_entry_generic
Snake:1:  layout_grid_shapes, ebering_ghost_rock_garden, drop_trap,
          nicolae_snake_springs
Snake:2:  layout_chambers, nicolae_coiled_stairwell_up, serial_bayou_shore_b
Snake:3:  layout_chambers, serial_shops, shop, hangedman_snake_corridor_cut,
          grunt_megastairs_5
Snake:4:  grunt_snake_rune_pools, layout_grid_shapes, nicolae_shop_firing_range
Orc:1:    layout_diamond_mine, serial_shops, shop,
          nicolae_shop_advertising_works [nicolae_subvault_shop_adworks],
          shop_fountains, nicolae_lakefront_shop, shop, gammafunk_ghost_arena,
          mines1_david
Orc:2:    st_orc_congregation, layout_caves, basic_altar
Vaults:1: nicolae_vaults_yaktaur_gun_rack, nicolae_vaults_an_arrangement,
          nicolae_vaults_network_barrier, vaults_room_grunt_arrival_ludios,
          nicolae_vaults_network_square, vaults_room_pool, grunt_vaults_focal,
          v_misc_15, nicolae_vaults_little_squares_4, ontoclasm_vaults_tryst,
          ontoclasm_vaults_ring_square, vaults_dpeg_spiral,
          ontoclasm_vaults_fault, nicolae_vaults_little_squares_2, v_misc_8,
          layout_vaults_omnibox, serial_shops, shop
Vaults:2: minmay_crypt_entry_necro_gods, v_misc_18, vaults_room_pool,
          nicolae_vaults_angled_halls, nicolae_vaults_gold_heap,
          nicolae_vaults_network_periphery, nicolae_vaults_theta,
          ontoclasm_vaults_pinch, layout_vaults_omnigrid
Vaults:3: hangedman_vaults_nails, vaults_room_boxed, nicolae_vaults_network_s,
          grunt_vaults_twisty, ontoclasm_vaults_ring_square, v_misc_30,
          v_alt_pattern_1, nicolae_vaults_halls_meeting,
          ontoclasm_vaults_shuriken, vaults_room_corners, v_misc_22,
          layout_vaults_ring, serial_shops, nicolae_shop_statue_plus
Vaults:4: st_greater_box_3, vaults_dpeg_encased_lava, nicolae_vaults_what_the_h,
          vaults_room_grunt_arrival_checkpoint, v_misc_9,
          vaults_mumra_minichess, vaults_room_semicircle, v_misc_14,
          nicolae_vaults_diagonal_hallway_6, vaults_mumra_hex,
          hangedman_vaults_nails, vaults_room_hallway, layout_vaults_omnicross,
          serial_shops, shop
Depths:1: layout_cave_pools, enter_ziggurat_a, lemuel_coloured_pillars_altar,
          serial_bayou, serial_bayou_shore_b, serial_bayou_pond_b,
          serial_bayou_lake_a, abyss_entry, grunt_hell_entry_dis_mu,
          serial_bayou_crossing
Depths:2: minmay_isolated_rectangles_in_corner, layout_basic, grunt_decor_cap,
          serial_shops, nicolae_shop_behind_doors, hellmouth_1,
          rand_demon_pan_entry_9, drop_trap, serial_bayou_shore_a,
          infiniplex_staircase_spiral_double
Depths:3: thingy_vault, layout_basic, hell_entry, abyss_entry_glasseish,
          nicolae_ashenzari_skybound, grunt_megastairs_1, minmay_shoptagon,
          firewood_loft

Skill      XL: |  1  2  3  4  5  6  7  8  9 10 11 12 13 14 15 16 17 18 19 20 21 |
---------------+----------------------------------------------------------------+-----
Axes           | 4 5 6 7 8 9 10 12 14 18 19 20 21 25 26 | 26.0
Fighting       | 4 5 6 7 8 10 15 18 20 | 20.0
Throwing       | 1 3 5 |  5.0
Evocations     | 1 3 4 6 8 10 11 13 15 | 15.0
Shields        | 1 3 4 5 8 14 15 18 20 22 | 22.4
Armour         | 8 13 15 17 | 17.0
Dodging        | 2 7 11 12 | 12.0
Spellcasting   | |  1.0
Fire Magic     | |  2.1

Action                   |  1- 3 |  4- 6 |  7- 9 | 10-12 | 13-15 | 16-18 | 19-21 || total
-------------------------+-------+-------+-------+-------+-------+-------+-------++-------
Melee: Hand axe          |    60 |   133 |   463 |   297 |    49 |       |       ||  1002
       Headbutt          |     3 |    13 |    75 |   118 |   215 |   326 |   270 ||  1020
       Broad axe         |       |       |       |   368 |  1054 |  1403 |  1080 ||  3905
Throw: Javelin           |       |       |     6 |    20 |     7 |     1 |     3 ||    37
       Throwing net      |       |       |       |     2 |       |       |       ||     2
       Dart              |       |       |       |       |     1 |       |       ||     1
Invok: Foxfire Swarm     |       |     3 |     1 |     1 |       |       |       ||     5
       Fiery Armour      |       |       |     1 |     1 |       |       |       ||     2
 Abil: Evoke Invisibilit |       |       |       |     2 |       |       |       ||     2
Evoke: Wand              |       |       |       |    23 |    12 |    14 |     4 ||    53
       Lightning rod     |       |       |       |       |     6 |     4 |       ||    10
       Condenser vane    |       |       |       |       |     2 |     4 |     2 ||     8
       Box of beasts     |       |       |       |       |     1 |     2 |     1 ||     4
  Use: Scroll            |       |       |     7 |    16 |     7 |     7 |    10 ||    47
       Potion            |       |       |     5 |     4 |     3 |     3 |     9 ||    24
 Stab: Petrified         |       |       |       |     3 |       |       |       ||     3
       Distracted        |       |       |       |       |     2 |       |       ||     2
Armor: Robe              |     6 |     1 |       |       |       |       |       ||     7
       Scale mail        |       |    33 |    40 |       |       |       |       ||    73
       Plate armour      |       |       |    42 |   211 |    57 |       |   139 ||   449
       Ice dragon scales |       |       |       |       |   256 |   331 |   154 ||   741
Dodge: Dodged            |    27 |    81 |   152 |   158 |   193 |   252 |   253 ||  1116
Block: Other             |    15 |    27 |     3 |       |       |       |       ||    45
       Buckler           |       |       |   130 |    57 |       |       |       ||   187
       Reflection        |       |       |     4 |     9 |    36 |   127 |    45 ||   221
       Kite shield       |       |       |       |   338 |   665 |   312 |       ||  1315
       Tower shield      |       |       |       |       |       |   946 |  1067 ||  2013

Table legend: (Time is in decaauts)
 A = Elapsed time spent in this place.
 B = Non-inter-level travel time spent in this place.
 C = Inter-level travel time spent in this place.
 D = Time resting spent in this place.
 E = Time spent auto-exploring this place.
 F = Levels seen in this place.
 G = Mean time per level.
                   A        B        C        D        E       F      G
               +--------+--------+--------+--------+--------+-----+--------+
         Total |  67705 |  65432 |   2273 |  33286 |  21491 |  36 | 1880.7 |
       Dungeon |  23789 |  22541 |   1248 |  10283 |   8393 |  15 | 1585.9 |
        Temple |    166 |    141 |     25 |     85 |     38 |   1 |  166.0 |
          Lair |   9011 |   8686 |    325 |   3772 |   3578 |   6 | 1501.8 |
     Snake Pit |  10529 |  10297 |    232 |   5597 |   3097 |   4 | 2632.2 |
  Orcish Mines |   2366 |   2311 |     55 |    949 |    867 |   2 | 1183.0 |
        Vaults |  16348 |  16038 |    310 |   9968 |   3751 |   4 | 4087.0 |
        Depths |   4443 |   4367 |     76 |   1895 |   1629 |   3 | 1481.0 |
      Gauntlet |   1051 |   1051 |      0 |    736 |    136 |   1 | 1051.0 |
               +--------+--------+--------+--------+--------+-----+--------+

Top non-repeatable levels by time:
Vaults:4: 5508 daAuts
Vaults:1: 4284 daAuts
Vaults:3: 3819 daAuts
 Snake:3: 3778 daAuts
    D:10: 3286 daAuts
 Snake:4: 2843 daAuts
Vaults:2: 2736 daAuts
 Snake:2: 2443 daAuts
Depths:1: 2393 daAuts
    D:11: 2377 daAuts
     D:9: 1985 daAuts
  Lair:6: 1882 daAuts
    D:15: 1850 daAuts
Depths:2: 1794 daAuts
  Lair:3: 1690 daAuts
